 Dungeon Crawl Stone Soup version 0.30.1-3-gfc49f6343a (webtiles) character file.

Game seed: 6145806784922073237

929 Ethylacetat the Firebug (level 8, -4/46 HPs)
             Began as an Octopode Fire Elementalist on July 30, 2023.
             Slain by a gnoll sergeant
             ... wielding a +1 trident of protection
              (12 damage)
             ... on level 6 of the Dungeon.
             The game lasted 00:15:55 (5044 turns).

Ethylacetat the Firebug (OpFE)                      Turns: 5044, Time: 00:15:55

Health: -4/46      AC:  1    Str:  7    XL:     8   Next: 11%
Magic:  12/17      EV: 13    Int: 20    God:
Gold:   343        SH:  0    Dex: 12    Spells: 16/19 levels left

rFire   . . .        (no weapon)
rCold   . . .        (no shield)
rNeg    . . .        (helmet restricted)
rPois   .            (no amulet)
rElec   .            (no ring)
rCorr   .            (no ring)
SInv    .            (no ring)
Will    .....        (no ring)
Stlth   +++          (no ring)
HPRegen 0.27/turn    (no ring)
MPRegen 0.15/turn    (no ring)
                     (no ring)

%: no passive effects
@: no status effects
A: almost no armour, amphibious, 8 rings, camouflage 1, gelatinous body 1,
(nimble swimmer 1), tentacles
a: no special abilities


You were on level 6 of the Dungeon.
You visited 1 branch of the dungeon, and saw 6 of its levels.

You collected 343 gold pieces.

Inventory:

Armour
 e - an orb of mayhem
Jewellery
 j - an amulet of the acrobat
Wands
 m - a wand of flame (14)
 p - a wand of iceblast (11)
Scrolls
 c - 10 scrolls of identify
 d - 2 scrolls of fear {unknown}
 f - 3 scrolls of magic mapping {unknown}
 g - 2 scrolls of poison {unknown}
 h - a scroll of brand weapon {unknown}
 i - 3 scrolls of teleportation
 k - a scroll of summoning
 l - a scroll of noise {unknown}
 q - 2 scrolls of immolation
Potions
 a - 4 potions of magic
 b - 2 potions of cancellation


   Skills:
 - Level 2.0 Dodging
 - Level 2.7 Stealth
 + Level 6.0 Spellcasting
 - Level 1.9 Conjurations
 + Level 6.9 Fire Magic


You had 16 spell levels left.
You knew the following spells:

 Your Spells              Type           Power      Damage    Failure   Level
a - Foxfire               Conj/Fire      92%        2x1d8     1%          1
b - Scorch                Fire           66%        2d8       1%          2

Your spell library contained the following spells:

 Spells                   Type           Power      Damage    Failure   Level
 Inner Flame              Hex/Fire       19%        N/A       8%          3
 Volatile Blastmotes      Fire/Tloc      38%        2d13      8%          3
 Sandblast                Erth           12%        2d6       11%         1
 Ignite Poison            Fire/Tmut/Pois 15%        N/A       12%         3
 Flame Wave               Conj/Fire      23%        2d8       17%         4
 Sticky Flame             Conj/Fire      23%        2d4       17%         4
 Alistair's Intoxication  Tmut/Pois      4%         N/A       96%         5
 Borgnjor's Vile Clutch   Necr/Erth      3%         N/A       96%         5
 Eringya's Noxious Bog    Tmut/Pois      3%         N/A       100%        6
 Statue Form              Tmut/Erth      4%         N/A       100%        6
 Ignition                 Fire           16%        3d7       100%        8
 Lehudib's Crystal Spear  Conj/Erth      4%         10d3      100%        8


Dungeon Overview and Level Annotations

Branches:
Dungeon (6/15)
 Temple: D:4-7

Altars:
Makhleb
Uskayaw
Zin


Innate Abilities, Weirdness & Mutations

You cannot wear most types of armour.
You are amphibious.
You can wear up to eight rings at the same time.
Your skin changes colour to match your surroundings (Stealth+).
Your rubbery body absorbs attacks. (AC +1, EV +1)
((You are camouflaged when in or above water. (Stealth+)))
You have tentacles for arms and can constrict up to eight enemies at once.


Message History

You conjure some foxfire!
The foxfire hits the gnoll.
The gnoll is heavily wounded.
The foxfire hits the gnoll.
The gnoll is almost dead.
The gnoll closely misses you. The gnoll barely misses you.
Casting: Foxfire (safe; 1% risk of failure)
Confirm with . or Enter, or press ? or * to list all spells.
You conjure some foxfire!
The foxfire hits the gnoll.
You kill the gnoll!
The foxfire hits the gnoll.
The gnoll is almost dead.
The gnoll hits you but does no damage.
Casting: Foxfire (safe; 1% risk of failure)
Confirm with . or Enter, or press ? or * to list all spells.
You conjure some foxfire!
The foxfire hits the gnoll sergeant but does no damage.
The foxfire hits the gnoll sergeant.
The gnoll sergeant is lightly wounded.
The gnoll misses you. The gnoll sergeant barely misses you.
The gnoll misses you.
The gnoll hits you from afar with a +2 spear of flaming!
The gnoll burns you.
Casting: Foxfire (safe; 1% risk of failure)
Confirm with . or Enter, or press ? or * to list all spells.
You conjure some foxfire!
The foxfire hits the gnoll sergeant but does no damage.
The gnoll sergeant is lightly wounded.
The foxfire hits the gnoll.
The gnoll is moderately wounded.
A centaur comes into view.
The gnoll hits you from afar with a +0 spear!
The gnoll sergeant hits you from afar with a +1 trident of protection!
* * * LOW HITPOINT WARNING * * *
The gnoll completely misses you. The gnoll barely misses you.
The foxfire hits the gnoll sergeant but does no damage.
The gnoll sergeant is lightly wounded.
The foxfire hits the gnoll but does no damage.
The gnoll is moderately wounded.
The gnoll sergeant hits you from afar with a +1 trident of protection!
You die...

# # .##..
##.c...
##.g.....
##§.g.....
#.@)g.....
#§§.g.....
#.........
##..>.....
##...##..
#### .


You could see a gnoll sergeant, a centaur and 3 gnolls.

Vanquished Creatures
  Grinder (D:4)
  A black bear (D:5)
  A centaur (D:5)
  2 phantoms
  2 scorpions (D:4)
  A hound (D:5)
  Ijyb (D:3)
  An iguana (D:5)
  2 orc wizards (D:5)
  A gnoll (D:6)
  6 adders
  An ufetubus (D:5)
  A worm (D:3)
  5 dart slugs
  11 orcs
  9 ball pythons
  7 endoplasms
  7 goblins
  8 hobgoblins
  3 jackals (D:1)
  3 quokkas
  3 bats
  14 frilled lizards
  7 kobolds
  4 rats
102 creatures vanquished.

Vanquished Creatures (collateral kills)
  A goblin (D:4)
1 creature vanquished.

Vanquished Creatures (others)
  127 foxfires
127 creatures vanquished.

Grand Total: 230 creatures vanquished

Notes
Turn   | Place    | Note
-------+----------+-------------------------------------------
     0 | D:1      | Ethylacetat the Octopode Fire Elementalist began the quest
                  | for the Orb.
     0 | D:1      | Reached XP level 1. HP: 11/11 MP: 3/3
    62 | D:1      | Reached XP level 2. HP: 15/17 MP: 5/5
   416 | D:1      | Reached XP level 3. HP: 21/21 MP: 3/6
   572 | D:1      | HP: 1/21 [quokka (3)]
   761 | D:2      | Found a hide-covered altar of Uskayaw.
   925 | D:2      | Learned a level 2 spell: Scorch
  1504 | D:3      | Reached XP level 4. HP: 17/27 MP: 8/8
  1603 | D:3      | Noticed Ijyb
  1612 | D:3      | Killed Ijyb
  2532 | D:4      | Noticed a phantom
  2545 | D:4      | Killed a phantom
  2546 | D:4      | Reached XP level 5. HP: 15/31 MP: 0/10
  2668 | D:4      | Reached XP level 6. HP: 15/36 MP: 2/12
  2833 | D:4      | Reached skill level 5 in Fire Magic
  2980 | D:4      | Noticed Grinder
  2984 | D:4      | HP: 1/36 [Grinder (6)]
  2988 | D:4      | Paralysed by Grinder for 3 turns
  2997 | D:4      | Killed Grinder
  2998 | D:4      | Reached XP level 7. HP: 35/41 MP: 4/14
  3227 | D:4      | Found a glowing silver altar of Zin.
  3227 | D:4      | Found a burning altar of Makhleb.
  3228 | D:4      | Noticed a cacodemon
  3228 | D:4      | Noticed an angel
  3385 | D:4      | Reached skill level 5 in Spellcasting
  3573 | D:5      | Entered Level 5 of the Dungeon
  4628 | D:5      | Got Exiups's Cyclopedia of Befouled Silt
  4632 | D:5      | Reached XP level 8. HP: 39/46 MP: 9/16
  5044 | D:6      | Slain by a gnoll sergeant

Illustrated notes

Levels and vault maps discovered:
D:1:      dpeg_arrival_windows_large_door, layout_rooms, st_stairs_1,
          skrybe_limestone_x, minmay_tall_x
D:2:      minmay_wonky_spiral, layout_basic, basic_altar,
          minmay_misc_feat_ornament
D:3:      layout_basic, uniq_ijyb
D:4:      layout_basic, grunt_temple_overflow_order_and_chaos_2, uniq_grinder
D:5:      layout_loops_corners
D:6:      layout_rooms, uniq_sigmund

Skill      XL: |  1  2  3  4  5  6  7  8 |
---------------+-------------------------+-----
Spellcasting   | 3 4 5 6 |  6.0
Fire Magic     | 4 5 6 |  6.9
Dodging        | |  2.0
Stealth        | |  2.7
Conjurations   | |  1.9

Action                     |  1- 3 |  4- 6 |  7- 9 || total
---------------------------+-------+-------+-------++-------
  Melee: Unarmed           |    88 |    65 |    26 ||   179
         Tentacles         |    33 |    12 |     8 ||    53
         Constrict         |    27 |    16 |     5 ||    48
         Punch             |     1 |       |       ||     1
   Cast: Foxfire           |     9 |    23 |    43 ||    75
         Scorch            |       |    12 |    16 ||    28
    Use: Potion            |       |     6 |     1 ||     7
         Scroll            |       |     1 |     5 ||     6
   Stab: Sleeping          |     7 |     4 |     2 ||    13
 Armour: Skin              |     6 |    10 |     2 ||    18
  Dodge: Dodged            |    53 |    60 |    36 ||   149
